 Dungeon Crawl Stone Soup version 0.19-a0-1937-g70ed36a (webtiles) character file.

1492 varam the Grappler (level 8, -1/73 (74) HPs)
             Began as a Troll Monk on Oct 26, 2016.
             Succumbed to a gnoll's poison
             ... on level 5 of the Dungeon.
             The game lasted 00:09:35 (4800 turns).

varam the Grappler (Troll Monk)                     Turns: 4800, Time: 00:09:36

HP:   -1/73 (74)    AC:  6    Str: 21    XL:     8   Next: 51%
MP:   7/7           EV: 10    Int:  6    God:
Gold: 256           SH:  0    Dex: 13    Spells: 0 memorised, 7 levels left

rFire  . . .     SeeInvis .       - Unarmed
rCold  . . .     Gourm    +     a - +0 robe
rNeg   . . .     Faith    .     (no shield)
rPois  .         Spirit   .     (helmet restricted)
rElec  .         Reflect  .     m - +0 cloak
rCorr  .         Harm     .     (gloves unavailable)
MR     +....                    (boots unavailable)
Stlth  +++.......               (no amulet)
                                y - ring of stealth
                                h - ring of protection from magic

@: lethally poisoned (-1 -> -22)
A: unfitting armour, claws 3, fast metabolism 3, gourmand, regeneration 1,
shaggy fur 1, tough skin 2
a: no special abilities


You were on level 5 of the Dungeon.
You were not hungry.

You visited 2 branches of the dungeon, and saw 7 of its levels.

You collected 256 gold pieces.

Inventory:

Missiles
 g - 122 stones (quivered)
 s - 4 javelins
 u - 2 poisoned javelins
 w - a throwing net
Armour
 a - a +0 robe (worn)
 m - a +0 cloak (worn)
Jewellery
 h - a ring of protection from magic (left claw)
 v - an uncursed ring of resist corrosion
 y - a ring of stealth (right claw)
 D - a +5 ring of intelligence
 F - an uncursed amulet of guardian spirit
Wands
 r - a wand of acid (5/15)
 G - a wand of flame (23/48)
Scrolls
 e - 3 scrolls of enchant weapon {unknown}
 i - 2 scrolls of teleportation {unknown}
 k - 4 scrolls of remove curse {@r2}
 l - 3 scrolls of immolation {unknown}
 o - 4 scrolls of identify {unknown}
 p - a scroll of recharging {unknown}
 x - 3 scrolls of amnesia {unknown}
 H - a scroll of noise {unknown}
 I - a scroll of enchant armour {unknown}
Potions
 d - 2 potions of flight {unknown}
 j - a potion of might {unknown}
 n - a potion of haste {unknown}
 q - a potion of resistance {unknown}
 t - 2 potions of curing {unknown}
 z - 2 potions of invisibility {unknown}
 C - 5 potions of heal wounds {unknown}
 E - a potion of cancellation {unknown}
Comestibles
 b - 4 bread rations
 c - a royal jelly
 f - 2 meat rations
 A - 6 fruits
 B - a beef jerky


   Skills:
 - Level 2.4 Fighting
 + Level 5.5 Throwing
 - Level 2.4 Dodging
 - Level 1.0 Stealth
 * Level 9.1 Unarmed Combat


You had 7 spell levels left.
You didn't know any spells.

Dungeon Overview and Level Annotations

Branches:
Dungeon (6/15)             Temple (1/1) D:4

Altars:
Cheibriados
Dithmenos
Elyvilon
Fedhas
Gozag
Kikubaaqudgha
Makhleb
Nemelex Xobeh
Qazlal
Ru
Sif Muna
Uskayaw
Vehumet
Xom
Yredelemnul
The Shining One

Shops:
D:5 [


Innate Abilities, Weirdness & Mutations

You are too large for most types of armour.
You have claws for hands.
Your metabolism is lightning-fast.
You like to eat raw meat.
Your natural rate of healing is unusually fast.
You are covered in fur. (AC +1)
You have very tough skin. (AC +2)


Message History

a whip; a leather armour; a gnoll corpse
* * * LOW HITPOINT WARNING * * *
You feel very sick.
There is an open door, spattered with blood here.
Things that are here:
a flail; a gnoll corpse
* * * LOW HITPOINT WARNING * * *
You feel very sick.
You scratch the gnoll.
The gnoll is heavily wounded.
* * * LOW HITPOINT WARNING * * *
You feel very sick. The gnoll barely misses you.
You mangle the gnoll!!
You kill the gnoll!
* * * LOW HITPOINT WARNING * * *
You feel sick.
You mangle the gnoll!!
You kill the gnoll!
You die...

#############
#...........#
#...........#
#...........#
####...........###########
...'.........)))@...>....#
...#..........)####......#
...#...........# .......
...#...........# .......
...#...........# .......
...#...........# ...g...
#..############# .......
...# ....### ...#


There were no monsters in sight!

Vanquished Creatures
  Pikel (D:3)
  A necrophage (D:5)
  A sky beast (D:5)
  A slave (D:5)
  A centaur (D:5)
  A water moccasin skeleton (D:4)
  A scorpion (D:4)
  A bullfrog zombie (D:5)
  A gnoll shaman (D:5)
  2 hounds
  An orc priest (D:4)
  5 orc wizards
  2 worker ants (D:3)
  Robin (D:4)
  10 adders
  9 gnolls
  A shadow imp (D:5)
  An ooze (D:3)
  An adder skeleton (D:5)
  A worm (D:3)
  2 dart slugs
  2 leopard geckos
  14 orcs
  6 giant cockroaches
  20 goblins
  9 hobgoblins
  4 jackals (D:2)
  5 kobolds
  6 quokkas
  2 ball pythons (D:1)
  5 bats
  4 frilled lizards
  9 rats
131 creatures vanquished.

Vanquished Creatures (others)
  A water moccasin (D:4)
  A worker ant (D:4)
2 creatures vanquished.

Grand Total: 133 creatures vanquished

Notes
Turn   | Place    | Note
-------+----------+-------------------------------------------
     0 | D:1      | varam the Troll Monk began the quest for the Orb.
     0 | D:1      | Reached XP level 1. HP: 22/22 MP: 0/0
    75 | D:1      | Reached XP level 2. HP: 29/29 MP: 1/1
   195 | D:1      | Reached skill level 4 in Unarmed Combat
   298 | D:1      | Reached XP level 3. HP: 31/36 MP: 2/2
   918 | D:2      | Reached skill level 1 in Throwing
  1034 | D:2      | Found a sparkling altar of Nemelex Xobeh.
  1035 | D:2      | Found an opulent altar of Gozag.
  1444 | D:3      | Reached XP level 4. HP: 39/44 MP: 3/3
  1757 | D:3      | Reached XP level 5. HP: 50/50 MP: 4/4
  1990 | D:3      | Reached skill level 5 in Unarmed Combat
  2249 | D:4      | Found a basalt altar of Yredelemnul.
  2466 | D:4      | Reached XP level 6. HP: 59/59 MP: 5/5
  2481 | D:4      | Noticed a slave
  2518 | D:5      | Entered Level 5 of the Dungeon
  2520 | D:5      | Killed a slave
  2700 | D:4      | Reached skill level 6 in Unarmed Combat
  2898 | D:5      | Found Giarhog's Armour Boutique.
  2956 | D:5      | Noticed a sky beast
  3186 | D:5      | Reached XP level 7. HP: 30/66 MP: 6/6
  3798 | D:4      | Reached skill level 7 in Unarmed Combat
  3822 | D:4      | Found a staircase to the Ecumenical Temple.
  3893 | Temple   | Entered the Ecumenical Temple
  4210 | D:4      | Noticed Robin
  4211 | D:4      | Noticed Pikel
  4310 | D:3      | Killed Pikel
  4310 | D:3      | Reached skill level 5 in Throwing
  4310 | D:3      | Reached skill level 8 in Unarmed Combat
  4310 | D:3      | Reached XP level 8. HP: 41/73 MP: 4/7
  4354 | D:4      | Killed Robin
  4398 | D:4      | Found a white marble altar of Elyvilon.
  4545 | D:4      | Found a blossoming altar of Fedhas.
  4548 | D:4      | Found a shimmering altar of Xom.
  4550 | D:4      | Found a burning altar of Makhleb.
  4763 | D:5      | Reached skill level 9 in Unarmed Combat
  4798 | D:5      | HP: 3/73 [poisoned by a gnoll]
  4799 | D:5      | HP: 1/73 [poisoned by a gnoll]
  4800 | D:5      | Succumbed to a gnoll's poison

Vault maps used:
D:1:      ncdulo_wetmaze
D:2:      grunt_temple_overflow_opulence, first_bread
D:3:      hangedman_glass_teeth
D:4:      kennysheep_ying_yang, minitemple, minmay_distorted, uniq_pikel,
          uniq_robin
D:5:      serial_shops, nicolae_shop_stone
D:6:      corexii_item_surrounded_by_moat, nicolae_tso_carved_into_rock
Temple:   compressed_dpeg_triangle_lava_temple

Skill      XL: |  1  2  3  4  5  6  7  8 |
---------------+-------------------------+-----
Unarmed Combat | 4 5 6 8 9 |  9.1
Throwing       | 1 2 3 5 |  5.5
Fighting       | |  2.4
Dodging        | |  2.4
Stealth        | |  1.0

Action                   |  1- 3 |  4- 6 |  7- 9 || total
-------------------------+-------+-------+-------++-------
Melee: Unarmed           |    91 |   154 |    99 ||   344
       Punch             |       |     6 |     3 ||     9
Throw: Stone             |       |    18 |       ||    18
  Use: Scroll            |       |       |     1 ||     1
 Stab: Sleeping          |     4 |     4 |     2 ||    10
  Eat: Chunk             |    17 |    17 |     2 ||    36
       Meat ration       |       |       |     1 ||     1
Armor: Robe              |    31 |    41 |    33 ||   105
Dodge: Dodged            |    47 |    71 |    54 ||   172
